 Dungeon Crawl Stone Soup version 0.31-a0-348-g810772c3d7 (webtiles) character file.

Game seed: 11142335946036054326

89 Hajna the Covered (level 4, -2/36 HPs)
             Began as an Armataur Fighter on July 23, 2023.
             Was a Believer of Hepliaklqana.
             Slain by an orc
             ... wielding a +0 trident
              (6 damage)
             ... on level 3 of the Dungeon.
             The game lasted 00:04:19 (1549 turns).

Hajna the Covered (Armataur Fighter)                Turns: 1549, Time: 00:04:20

Health: -2/36      AC:  9    Str: 23    XL:     4   Next: 31%
Magic:  4/4        EV:  7    Int:  8    God:    Hepliaklqana [**....]
Gold:   131        SH:  0    Dex: 10    Spells: 3/3 levels left

rFire   . . .        a - +1 flail
rCold   . . .        c - +0 buckler
rNeg    . . .        b - +0 scale mail
rPois   .            (no helmet)
rElec   .            i - +0 cloak
rCorr   .            h - +0 pair of gloves
SInv    .            (no barding)
Will    .....        (no amulet) Stlth
                     (no ring)
HPRegen 0.26/turn    (no ring)
MPRegen 0.09/turn

%: roll
@: confused
A: reduced essence, large, rugged brown scales 3, deformed body, armoured tail,
roll, long tongue, awkward tongue
a: Renounce Religion, Ancestor Life: Knight, Ancestor Life: Battlemage, Ancestor
Life: Hexer, Recall Ancestor, Ancestor Identity


You were on level 3 of the Dungeon.
You worshipped Hepliaklqana.
Hepliaklqana was pleased with you.
You visited 1 branch of the dungeon, and saw 3 of its levels.

You collected 131 gold pieces.

Inventory:

Hand Weapons
 a - a +1 flail (weapon)
Missiles
 g - 5 boomerangs
Armour
 b - a +0 scale mail (worn)
 c - a +0 buckler (worn)
 h - a +0 pair of gloves (worn)
 i - a +0 cloak (worn)
Potions
 d - 2 potions of might
 j - a potion of lignification
 m - 2 potions of heal wounds


   Skills:
 + Level 3.4 Fighting
 + Level 2.8 Maces & Flails
 + Level 4.4 Armour
 + Level 3.5 Shields


You had 3 spell levels left.
You didn't know any spells.
Your spell library contained the following spells:

 Spells                   Type           Power      Damage    Failure   Level
 Chain Lightning          Conj/Air       0%         N/A       100%        9
 Fire Storm               Conj/Fire      0%         5d1       100%        9
 Shatter                  Erth           0%         3d5*      100%        9


Dungeon Overview and Level Annotations

Branches:
Dungeon (3/15)

Altars:
Hepliaklqana
Zin

Shops:
D:1 :   D:2 [


Innate Abilities, Weirdness & Mutations

Your life essence is reduced to manifest your ancestor. (-10% HP)
You are completely covered in rugged brown scales. (AC +3, +7% HP)
Armour fits poorly on your strangely shaped body.
You have a long armoured tail.
You roll when moving toward enemies. (Rampage)
Your long tongue fully drains potion bottles. (2x potion effects)
Your tongue gives you trouble enunciating. (1.5x scroll delay)


Message History

You block the orc's attack. The orc hits you but does no damage.
The orc hits you from afar with a +0 trident.
Something unexpectedly blocked you, preventing you from rolling!
You miss something. You block the orc's attack. You block something's attack.
You closely miss the orc. The orc barely misses you.
Something hits you but does no damage. The orc hits you but does no damage.
You hit the orc.
Your tail-slap misses the orc.
The orc is almost dead.
The orc hits you with a +0 flail. The orc hits you but does no damage.
Something hits you but does no damage.
You sock the orc!
You kill the orc!
The orc hits you from afar with a +0 trident.
Something hits you but does no damage. x2; The orc hits you but does no damage.
You completely miss something.
You hear some strange, mumbled words.
You are confused.
The orc hits you but does no damage.
You hit something but do no damage.
Your tail-slap misses something.
The orc hits you from afar with a +0 trident!
* * * LOW HITPOINT WARNING * * *
Something hits you but does no damage.
You miss something. The orc barely misses you.
You hear some strange, mumbled words.
You are more confused.
Something hits you but does no damage. The orc hits you but does no damage.
You closely miss something.
The orc hits you from afar with a +0 trident.
* * * LOW HITPOINT WARNING * * *
Something hits you but does no damage.
You miss something. Something hits you but does no damage.
You miss something. The orc barely misses you.
You hear some strange, mumbled words.
You are more confused.
You closely miss something.
The orc hits you from afar with a +0 trident!
* * * LOW HITPOINT WARNING * * *
Something hits you but does no damage.
The orc hits you from afar with a +0 trident.
You die...

#..........) .....#
...#........ .......###
.#.#........
.........###.#.##.......
.........##.............
.........##†##.##.......
.........#..##.##.......
......#..#.###.##.......
.....?.@................
..#####.....###.#.......
#o)...# #.##.#####
#...).)...# #....#
..............#...##
...........#.....##
...........##..#.#
............ .....
............##.#


You could see an orc.

Vanquished Creatures
  Robin (D:2)
  2 adders (D:2)
  A dart slug (D:2)
  2 orcs (D:3)
  3 endoplasms
  15 goblins
  6 hobgoblins
  4 quokkas
  4 ball pythons (D:1)
  2 bats (D:2)
  2 frilled lizards
  2 kobolds (D:2)
  A rat (D:1)
45 creatures vanquished.

Vanquished Creatures (collateral kills)
  An orc (D:3)
  2 goblins (D:2)
3 creatures vanquished.

Vanquished Creatures (others)
  2 ancestors
2 creatures vanquished.

Grand Total: 50 creatures vanquished

Notes
Turn   | Place    | Note
-------+----------+-------------------------------------------
     0 | D:1      | Hajna the Armataur Fighter began the quest for the Orb.
     0 | D:1      | Reached XP level 1. HP: 19/19 MP: 1/1
    88 | D:1      | Reached XP level 2. HP: 10/26 MP: 2/2
   189 | D:1      | Found Vaabovixt's Book Shop.
   394 | D:1      | Reached skill level 4 in Armour
   631 | D:1      | Found a faded altar of an unknown god.
   635 | D:1      | Prayed at the altar of an unknown god.
   635 | D:1      | Became a worshipper of Hepliaklqana the Forgotten
   635 | D:1      | Reached * piety under Hepliaklqana
   753 | D:2      | Noticed Robin
   774 | D:2      | Reached XP level 3. HP: 20/30 MP: 3/3
   793 | D:2      | Killed Robin
   931 | D:2      | Found a glowing silver altar of Zin.
  1202 | D:2      | Reached XP level 4. HP: 36/36 MP: 4/4
  1246 | D:2      | Reached ** piety under Hepliaklqana
  1247 | D:2      | Found Rewah's Antique Armour Shoppe.
  1549 | D:3      | Slain by an orc

Illustrated notes

Levels and vault maps discovered:
D:1:      minmay_arrival_open_corners, layout_basic,
          hellmonk_ecumenical_altar_leap_of_faith, serial_shops, shop,
          serial_forest, infiniplex_forest_corner_1,
          infiniplex_forest_lined_room_3, infiniplex_forest_lined_room_2,
          infiniplex_forest_straight_2, infiniplex_forest_lined_3,
          infiniplex_forest_straight_5, infiniplex_forest_lined_2,
          infiniplex_forest_straight_2, chequers_serial_rivers_marsh,
          minmay_misc_feat_room, ebering_dispersal_statue_hall
D:2:      layout_basic, serial_shops, shop, basic_altar, uniq_robin
D:3:      layout_rooms, jmf_multi_god_temple2, lemuel_doored_altar, uniq_jessica

Skill      XL: |  1  2 |
---------------+-------+-----
Maces & Flails | 2 |  2.8
Fighting       | 3 |  3.4
Armour         | 4 |  4.4
Shields        | |  3.5

Action                     |  1- 3 |  4- 6 || total
---------------------------+-------+-------++-------
  Melee: Flail             |   102 |    29 ||   131
         Tailslap          |    12 |       ||    12
    Use: Potion            |     1 |       ||     1
         Scroll            |       |     6 ||     6
 Armour: Scale mail        |    80 |    25 ||   105
  Dodge: Dodged            |    39 |     8 ||    47
  Block: Buckler           |    20 |     6 ||    26

Table legend: (Time is in decaauts)
 A = Elapsed time spent in this place.
 B = Non-inter-level travel time spent in this place.
 C = Inter-level travel time spent in this place.
 D = Time resting spent in this place.
 E = Time spent auto-exploring this place.
 F = Levels seen in this place.
 G = Mean time per level.
                   A        B        C        D        E       F      G
               +--------+--------+--------+--------+--------+-----+--------+
         Total |   1591 |   1547 |     44 |      0 |   1216 |   3 |  530.3 |
       Dungeon |   1591 |   1547 |     44 |      0 |   1216 |   3 |  530.3 |
               +--------+--------+--------+--------+--------+-----+--------+

Top non-repeatable levels by time:
     D:2: 774 daAuts
     D:1: 763 daAuts
     D:3: 53 daAuts
